 Dungeon Crawl Stone Soup version 0.29-a0-207-gf982a884d8 (webtiles) character file.

Game seed: 10959571910251491727

2908 siradein the Fighter (level 9, -12/59 HPs)
             Began as a Gargoyle Monk on Feb 23, 2022.
             Was a Believer of Makhleb.
             Mangled by a death knight
             ... wielding a +4 battleaxe
              (25 damage)
             ... on level 7 of the Dungeon.
             The game lasted 00:20:29 (9351 turns).

siradein the Fighter (Gargoyle Monk)                Turns: 9351, Time: 00:20:30

Health: -12/59     AC: 17    Str: 17    XL:     9   Next: 78%
Magic:  18/18      EV: 13    Int: 11    God:    Makhleb [**....]
Gold:   84         SH:  0    Dex: 14    Spells: 8/8 levels left

rFire   . . .      SeeInvis .   f - +1 flail (protect)
rCold   . . .      Faith    .   (no shield)
rNeg    + + .      Spirit   .   q - +0 ring mail
rPois   ∞          Reflect  .   d - +1 helmet
rElec   +          Harm     .   y - +0 cloak
rCorr   .          Rampage  .   (no gloves)
Will    .....                   A - +0 pair of boots
Stlth   ++........              (no amulet)
HPRegen 0.19/turn               a - ring of Osiugaej {rElec rPois rN+ MP+9 Stlth+}
MPRegen 0.16/turn               (no ring)

@: no status effects
A: sickness immunity, AC +6, negative energy resistance 1, electricity
resistance, torment resistance 1, petrification resistance
a: Renounce Religion, Minor Destruction


You were on level 7 of the Dungeon.
You worshipped Makhleb.
Makhleb was pleased with you.
You visited 2 branches of the dungeon, and saw 9 of its levels.
You also visited: Ossuary.

You collected 308 gold pieces.
You spent 224 gold pieces at shops.

Inventory:

Hand Weapons
 f - a +1 flail of protection (weapon)
 m - a +0 hunting sling
Missiles
 i - 296 stones
 j - a throwing net (quivered)
 z - 4 boomerangs
Armour
 d - a +1 helmet (worn)
 q - a +0 ring mail (worn)
 y - a +0 cloak (worn)
 A - a +0 pair of boots (worn)
Jewellery
 a - the ring of Osiugaej (left hand) {rElec rPois rN+ MP+9 Stlth+}
   (You found it on level 4 of the Dungeon)

   [ring of magical power]

   rElec:     It insulates you from electricity.
   rPois:     It protects you from poison.
   rN:        It protects you from negative energy.
   MP:        It affects your magic capacity (+9).
   Stlth:     It makes you more stealthy.
 e - a ring of fire
 o - an amulet of faith
Wands
 s - a wand of iceblast (5)
 B - a wand of flame (15)
Scrolls
 c - 4 scrolls of teleportation
 p - a scroll of magic mapping
 r - a scroll of identify
 C - a scroll of immolation
Potions
 g - 3 potions of haste
 h - a potion of degeneration {unknown}
 k - 9 potions of curing
 l - 3 potions of might
 n - a potion of mutation {unknown}
 t - a potion of lignification {unknown}
 u - 3 potions of brilliance
 v - 3 potions of flight
 x - a potion of attraction {unknown}
 D - a potion of invisibility {unknown}


   Skills:
 + Level 8.0 Fighting
 + Level 7.2 Maces & Flails
 + Level 7.1 Armour
 + Level 6.0 Dodging
 - Level 2.1 Stealth


You had 8 spell levels left.
You didn't know any spells.
Your spell library contained the following spells:

 Spells                   Type           Power      Damage    Failure   Level
 Animate Skeleton         Necr           0%         N/A       52%         1
 Apportation              Tloc           0%         N/A       52%         1
 Summon Small Mammal      Summ           0%         N/A       52%         1
 Ozocubu's Armour         Ice            0%         N/A       87%         3
 Portal Projectile        Hex/Tloc       0%         N/A       87%         3
 Summon Guardian Golem    Hex/Summ       0%         N/A       87%         3
 Blade Hands              Tmut           0%         N/A       100%        5
 Excruciating Wounds      Necr           0%         N/A       100%        5
 Metabolic Englaciation   Hex/Ice        0%         N/A       100%        5
 Simulacrum               Ice/Necr       0%         N/A       100%        6
 Orb of Destruction       Conj           0%         9d5       100%        7
 Spellforged Servitor     Conj/Summ      0%         N/A       100%        7


Dungeon Overview and Level Annotations

Branches:
Dungeon (8/15)             Temple (1/1) D:6         Ossuary (visited)
   Lair: D:8-11

Altars:
Cheibriados
Dithmenos
Elyvilon
Fedhas
Gozag
Hepliaklqana
Kikubaaqudgha
Makhleb
Okawaru
Qazlal
Ru
Sif Muna
Trog
Uskayaw
Vehumet
Wu Jian
Xom
Yredelemnul
Zin
The Shining One

Shops:
D:3 ([   D:5 (   D:6 *   D:7 [

Annotations:
D:7 2 transporters


Innate Abilities, Weirdness & Mutations

You are immune to sickness and miasma.
Your stone body is resilient. (AC +6)
You are immune to poison.
You resist negative energy. (rN+)
You are resistant to electric shocks. (rElec)
You are resistant to unholy torment.
You are immune to petrification.


Message History

You hit the death knight but do no damage.
Your weapon exudes an aura of protection.
The death knight is lightly wounded.
The death knight mumbles some strange prayers to Yredelemnul against you.
Your body is wracked with pain!
The death knight hits you but does no damage.
You closely miss the death knight.
The death knight is lightly wounded.
The death knight hits you but does no damage.
You barely miss the death knight.
The death knight is lightly wounded.
The death knight hits you with a +4 battleaxe!
* * * LOW HITPOINT WARNING * * *
You are too injured to fight recklessly!
You are too injured to fight recklessly!
You are too injured to fight recklessly!
You are too injured to fight recklessly!
You are too injured to fight recklessly!
You are too injured to fight recklessly!
You are too injured to fight recklessly!
You are too injured to fight recklessly!
You are too injured to fight recklessly!
Unknown command.
Unknown command.
Throw: 297 stones
Press: ? - help, Q - select action, (/) - cycle Shift-Dir - straight line, f/p - death knight
Aim: a death knight, wielding a +4 battleaxe, wearing a +0 chain mail and wearing a +4 ring of protection (lightly wounded, very poisoned, 63% to hit)
You throw a stone.
The stone hits the death knight but does no damage.
The death knight is lightly wounded.
The death knight offers itself to Yredelemnul, and fills with unholy energy.
Throw: 2 throwing nets
Press: ? - help, Q - select action, (/) - cycle Shift-Dir - straight line, f/p - death knight
Aim: a death knight, wielding a +4 battleaxe, wearing a +0 chain mail and wearing a +4 ring of protection (lightly wounded, reflecting injuries, very poisoned, 63% to hit)
You throw a throwing net.
The throwing net closely misses the death knight.
The death knight reflects your damage back at you!
* * * LOW HITPOINT WARNING * * *
The death knight hits you with a +4 battleaxe!!
You die...

####.............#
................(#
####.............#
.........#######.#
#.###.#...######.#
................>#
#.##....#....###.#
..#.....###### #p#
#<...#.......# #@#
..#.###.####.# #.#
#.#........#<###'#######
..#####..#.#...........#
### #....#...........# #
##.###...........# ####
#..##...........# ...#
##.##...........#
##.######'##...........#


You could see a death knight (reflects damage, very poisoned).

Vanquished Creatures
  Pikel (D:6)
  A hornet (D:8)
  Prince Ribbit (D:6)
  A wyvern (D:6)
  A water moccasin (D:7)
  An ice beast (D:6)
  A black bear (D:4)
  A hornet zombie (D:7)
  A centaur (D:7)
  A phantom (D:5)
  A kobold brigand (D:7)
  4 scorpions
  2 water moccasin zombies (Ossuary)
  A killer bee (D:8)
  5 wights (D:6)
  A howler monkey (D:4)
  2 bullfrog skeletons
  3 orc priests
  4 iguanas
  Natasha (thrice) (D:2)
  3 orc wizards (D:6)
  A hound zombie (D:5)
  2 mummies (Ossuary)
  3 gnolls (D:2)
  A howler monkey skeleton (D:5)
  8 adders
  3 white imps
  2 adder zombies (Ossuary)
  An adder skeleton (D:4)
  2 worms
  A dart slug (D:2)
  14 orcs
  4 bats
  6 endoplasms
  5 giant cockroaches
  4 gnoll zombies (Ossuary)
  10 hobgoblins
  7 jackals (D:3)
  8 kobolds
  3 quokkas
  11 ball pythons
  2 frilled lizards
  9 goblins
  2 hobgoblin zombies (Ossuary)
  4 kobold zombies (Ossuary)
  2 orc zombies (Ossuary)
  A rat (D:2)
155 creatures vanquished.

Vanquished Creatures (others)
  44 plants (D:3)
44 creatures vanquished.

Grand Total: 199 creatures vanquished

Notes
Turn   | Place    | Note
-------+----------+-------------------------------------------
     0 | D:1      | siradein the Gargoyle Monk began the quest for the Orb.
     0 | D:1      | Reached XP level 1. HP: 14/14 MP: 1/1
   506 | D:1      | Reached XP level 2. HP: 19/19 MP: 2/2
   916 | D:1      | Reached skill level 1 in Armour
  1373 | D:2      | Found a radiant altar of Vehumet.
  1434 | D:2      | Noticed Natasha
  1438 | D:2      | Killed Natasha
  1439 | D:2      | Reached XP level 3. HP: 20/24 MP: 3/3
  1561 | D:2      | Reached XP level 4. HP: 20/29 MP: 4/4
  1698 | D:2      | Reached skill level 4 in Fighting
  1772 | D:2      | Found a faded altar of an unknown god.
  1876 | D:2      | Noticed Natasha
  1888 | D:2      | Killed Natasha
  1969 | D:2      | Reached XP level 5. HP: 25/33 MP: 5/5
  2080 | D:2      | Noticed Natasha
  2351 | D:2      | Killed Natasha
  3168 | D:3      | Found Uhadaitt's Weapon Shoppe.
  3287 | D:3      | Reached XP level 6. HP: 38/39 MP: 6/6
  3431 | D:3      | Found Posen's Antique Armour Shoppe.
  3895 | D:4      | Identified the ring of Osiugaej {rElec rPois rN+ MP+9
                  | Stlth+}
  3955 | D:4      | Noticed a black bear
  3958 | D:4      | Found a sand-covered staircase.
  3965 | D:4      | Killed a black bear
  3966 | D:4      | Reached skill level 5 in Fighting
  3966 | D:4      | Reached XP level 7. HP: 33/44 MP: 7/7
  4086 | Ossuary  | Entered an ossuary
  4387 | D:4      | Found a glowing golden altar of the Shining One.
  4547 | D:4      | Found an ornate altar of the Wu Jian Council.
  4952 | D:5      | Entered Level 5 of the Dungeon
  4989 | D:5      | Reached skill level 5 in Maces & Flails
  5518 | D:5      | Found Ogronkyrgha's Weapon Shoppe.
  5538 | D:5      | Reached XP level 8. HP: 51/51 MP: 8/8
  5827 | D:5      | Reached skill level 6 in Fighting
  5958 | D:5      | Found a white marble altar of Elyvilon.
  6181 | D:6      | Noticed Prince Ribbit
  6539 | D:6      | Reached skill level 5 in Armour
  6594 | D:6      | Found a bloodstained altar of Trog.
  6796 | D:6      | Noticed Pikel
  6818 | D:6      | Killed Pikel
  6819 | D:6      | Reached skill level 5 in Dodging
  6915 | D:6      | Reached XP level 9. HP: 56/56 MP: 9/9
  6958 | D:6      | Reached skill level 7 in Fighting
  7142 | D:6      | Found a staircase to the Ecumenical Temple.
  7191 | Temple   | Entered the Ecumenical Temple
  7406 | Temple   | Became a worshipper of Makhleb the Destroyer
  7406 | Temple   | Reached * piety under Makhleb
  7406 | Temple   | Reached ** piety under Makhleb
  7508 | D:6      | Found Seda Nun's General Store.
  7513 | D:6      | Bought 2 scrolls of noise for 28 gold pieces
  7513 | D:6      | Bought a scroll of identify for 28 gold pieces
  7513 | D:6      | Bought a potion of flight for 42 gold pieces
  7688 | D:6      | Killed Prince Ribbit
  8398 | D:7      | Found Buuczoyng's Armour Boutique.
  8401 | D:7      | Bought a +1 helmet for 126 gold pieces
  8409 | D:7      | Found a transporter.
  8517 | D:7      | Found a transporter.
  8549 | D:7      | Noticed a torpor snail
  8552 | D:7      | Found a snail-covered altar of Cheibriados.
  8552 | D:7      | Noticed a torpor snail
  8552 | D:7      | Noticed a torpor snail
  9059 | D:8      | Noticed a hornet
  9067 | D:8      | Killed a hornet
  9074 | D:8      | Noticed a cyclops
  9082 | D:8      | Noticed a death knight
  9085 | D:8      | Reached skill level 8 in Fighting
  9351 | D:7      | Mangled by a death knight

Illustrated notes

Levels and vault maps discovered:
D:1:      lightli_arrival_statuegarden, layout_basic
D:2:      layout_basic, basic_altar, nicolae_ecumenical_snake_handling,
          uniq_natasha
D:3:      layout_loops_ring, serial_bayou, serial_bayou_lake_a,
          serial_bayou_lagoon_a, serial_bayou_shore_b, serial_bayou_shore_a,
          serial_bayou_pond_b, serial_bayou_lagoon_b, serial_shops,
          nicolae_lakefront_shop, nicolae_shop_bloodbath_and_beyond
D:4:      layout_basic, lemuel_tele_altar, lemuel_coloured_pillars_altar,
          enter_ossuary_3
D:5:      layout_loops_ring, mainiacjoe_overflow_alcove_1, serial_shops, shop
D:6:      layout_loops_ring, trog_hazing_becter,
          minmay_temple_entry_stoned_glass, serial_shops, kennysheep_little_box,
          minmay_misc_feat_alley, uniq_pikel, uniq_prince_ribbit1
D:7:      gammafunk_cloud_chamber, layout_basic, cheibriados_altar_2,
          serial_shops, nicolae_shop_behind_doors
D:8:      minmay_the_grid_square_5x5_3x3 [minmay_the_grid_square_5x5_z,
          minmay_the_grid_square_5x5_shrine1,
          minmay_the_grid_square_5x5_three_walls,
          minmay_the_grid_square_5x5_one_wall,
          minmay_the_grid_square_5x5_megaprize_crossed,
          minmay_the_grid_square_5x5_two_walls_b,
          minmay_the_grid_square_5x5_longway, minmay_the_grid_square_5x5_lines,
          minmay_the_grid_square_5x5_comb], layout_loops_ring, uniq_amaemon
Temple:   regret_index_temple_generic_petals

Skill      XL: |  1  2  3  4  5  6  7  8  9 |
---------------+----------------------------+-----
Armour         | 1 2 3 4 5 7 |  7.1
Fighting       | 4 5 6 8 |  8.0
Dodging        | 3 4 5 6 |  6.0
Maces & Flails | 4 5 6 7 |  7.2
Stealth        | |  2.1

Action                   |  1- 3 |  4- 6 |  7- 9 || total
-------------------------+-------+-------+-------++-------
Melee: Mace              |    16 |       |       ||    16
       Flail             |    61 |   187 |   445 ||   693
       Punch             |       |       |     2 ||     2
Throw: Dart              |       |       |    12 ||    12
       Stone             |       |       |     1 ||     1
       Throwing net      |       |       |     1 ||     1
  Use: Scroll            |       |       |     8 ||     8
 Stab: Sleeping          |     4 |     2 |     6 ||    12
Armor: Robe              |     6 |       |       ||     6
       Leather armour    |    20 |    90 |       ||   110
       Ring mail         |       |    17 |   229 ||   246
Dodge: Dodged            |    42 |   155 |   265 ||   462

Table legend: (Time is in decaauts)
 A = Elapsed time spent in this place.
 B = Non-inter-level travel time spent in this place.
 C = Inter-level travel time spent in this place.
 D = Time resting spent in this place.
 E = Time spent auto-exploring this place.
 F = Levels seen in this place.
 G = Mean time per level.
                   A        B        C        D        E       F      G
               +--------+--------+--------+--------+--------+-----+--------+
         Total |   9562 |   9397 |    165 |    980 |   6495 |  10 |  956.2 |
       Dungeon |   9035 |   8870 |    165 |    980 |   6136 |   8 | 1129.4 |
        Temple |    248 |    248 |      0 |      0 |    199 |   1 |  248.0 |
       Ossuary |    278 |    278 |      0 |      0 |    160 |   1 |  278.0 |
               +--------+--------+--------+--------+--------+-----+--------+

Top non-repeatable levels by time:
     D:6: 2165 daAuts
     D:1: 1375 daAuts
     D:3: 1287 daAuts
     D:2: 1273 daAuts
     D:5: 1032 daAuts
     D:4: 907 daAuts
     D:7: 864 daAuts
 Ossuary: 278 daAuts
  Temple: 248 daAuts
     D:8: 128 daAuts
